 Dungeon Crawl Stone Soup version 0.20.0-15-g7f486f2 (webtiles) character file.

67 Chiseanne the Magician (level 4, 30/30 HPs)
             Began as a Demonspawn Wizard on June 15, 2017.
             Quit the game on level 2 of the Dungeon.
             The game lasted 00:02:59 (1804 turns).

Chiseanne the Magician (Demonspawn Wizard)          Turns: 1804, Time: 00:02:59

Health: 30/30      AC:  5    Str:  7    XL:     4   Next: 0%
Magic:  5/9        EV: 12    Int: 20    God:
Gold:   79         SH:  0    Dex: 12    Spells: 1/10 levels left

rFire    . . .     SeeInvis .   p - +2 dagger (speed)
rCold    . . .     Gourm    .   (no shield)
rNeg     . . .     Faith    .   a - +0 robe
rPois    .         Spirit   .   b - +0 hat
rElec    .         Reflect  .   (no cloak)
rCorr    .         Harm     .   e - +2 pair of gloves
MR       .....                  (no boots)
Stlth    ++........             (no amulet)
Regen    0.1/turn               (no ring)
MPRegen  0.2/turn               (no ring)

@: no status effects
A: hooves 1, powered by death 1
a: no special abilities


You were on level 2 of the Dungeon.
You were not hungry.

You visited 1 branch of the dungeon, and saw 2 of its levels.

You collected 79 gold pieces.

Inventory:

Hand Weapons
 p - a +2 dagger of speed (weapon)
Missiles
 g - 53 stones (quivered)
 k - 13 bolts
Armour
 a - a +0 robe (worn)
 b - a +0 hat (worn)
 e - a +2 pair of gloves (worn)
Scrolls
 c - a scroll of enchant armour {unknown}
 f - a scroll of fear
 i - 3 scrolls of identify
 j - a scroll of immolation
 l - a scroll of magic mapping {unknown}
Potions
 n - a potion of berserk rage
Comestibles
 d - a bread ration
 h - a royal jelly
 m - a meat ration


   Skills:
 - Level 1.7 Dodging
 - Level 1.7 Stealth
 * Level 3.8 Spellcasting
 * Level 2.8 Conjurations
   Level 1.0 Summonings
 - Level 0.8 Translocations


You had one spell level left.
You knew the following spells:

 Your Spells              Type           Power        Failure   Level  Hunger
a - Magic Dart            Conj           ###.         4%          1    None
b - Blink                 Tloc           N/A          14%         2    ##.....
c - Conjure Flame         Conj/Fire      #.......     22%         3    ###....
d - Mephitic Cloud        Conj/Pois/Air  #.......     26%         3    ###....


Dungeon Overview and Level Annotations

Branches:
Dungeon (2/15)

Altars:

Annotations:
D:2 Robin


Innate Abilities, Weirdness & Mutations

You have large cloven feet.
You regenerate a little health from kills.


Message History

The giant cockroach is severely wounded.
Casting: Magic Dart
Confirm with . or Enter, or press ? or * to list all spells.
Aiming: Magic Dart
Press: ? - help, Shift-Dir - straight line, f/p - giant cockroach
Aim: a giant cockroach (severely wounded, clinging)
The magic dart hits the giant cockroach.
The giant cockroach is severely wounded.
Casting: Magic Dart
Confirm with . or Enter, or press ? or * to list all spells.
Aiming: Magic Dart
Press: ? - help, Shift-Dir - straight line, f/p - giant cockroach
Aim: a giant cockroach (severely wounded, clinging)
The magic dart hits the giant cockroach.
You kill the giant cockroach!
You have reached level 4!
You feel agile.
Your demonic ancestry asserts itself...
Your feet thicken and deform.
Unknown command.
Are you sure you want to abandon this character and quit the game? (Confirm with "yes".)

.# #. #.# .#.########
#.# ..........# #.#
..........# #.#
..........# #.# #######
.$........###.####......
........................
#####†@......####......
........................
.#####.###########......
#. #...... #. #...... #.
#...... #. ###.#.# ..
#.#.# #.#.#


There were no monsters in sight!

Vanquished Creatures
  A gnoll (D:1)
  An adder (D:2)
  A worm (D:2)
  2 leopard geckos (D:1)
  A ball python (D:2)
  2 bats (D:1)
  A giant cockroach (D:2)
  13 goblins (D:1)
  4 hobgoblins
  7 kobolds
  2 frilled lizards (D:1)
  4 rats
39 creatures vanquished.

Notes
Turn   | Place    | Note
-------+----------+-------------------------------------------
     0 | D:1      | Chiseanne the Demonspawn Wizard began the quest for the Orb.
     0 | D:1      | Reached XP level 1. HP: 13/13 MP: 4/4
   266 | D:1      | Gained mutation: You regenerate a little health from kills. [demonic ancestry]
   266 | D:1      | Reached XP level 2. HP: 19/19 MP: 0/6
   627 | D:1      | Reached XP level 3. HP: 17/24 MP: 5/8
  1171 | D:1      | Learned a level 2 spell: Blink
  1175 | D:1      | Learned a level 3 spell: Conjure Flame
  1179 | D:1      | Learned a level 3 spell: Mephitic Cloud
  1365 | D:2      | Noticed Robin
  1803 | D:2      | Gained mutation: You have large cloven feet. [demonic ancestry]
  1803 | D:2      | Reached XP level 4. HP: 30/30 MP: 5/9
  1804 | D:2      | Quit the game

Skill      XL: |  1  2 |
---------------+-------+-----
Conjurations   | 2 |  2.8
Dodging        | |  1.7
Stealth        | |  1.7
Spellcasting   | |  3.8
Summonings     | |  1.0
Translocations | |  0.8

Action                   |  1- 3 |  4- 6 || total
-------------------------+-------+-------++-------
Melee: Hand axe          |    19 |       ||    19
       Dagger            |    11 |       ||    11
 Cast: Magic Dart        |    89 |     1 ||    90
       Mephitic Cloud    |     1 |       ||     1
  Use: Potion            |     1 |       ||     1
       Scroll            |     3 |       ||     3
  Eat: Chunk             |     3 |       ||     3
Armor: Robe              |    13 |       ||    13
Dodge: Dodged            |    29 |       ||    29
